 Dungeon Crawl Stone Soup version 0.31.0-9-g3a7656b989 (webtiles) character file.

Game seed: 5909421270542940459

37 CaptainMV the Charlatan (level 3, -3/26 HPs)
             Began as a Demonspawn Wanderer on Jan 30, 2024.
             Slain by a ribbon worm (5 damage)
             ... on level 2 of the Dungeon.
             The game lasted 00:05:43 (586 turns).

CaptainMV the Charlatan (Demonspawn Wanderer)        Turns: 586, Time: 00:05:43

Health: -3/26      AC:  3    Str:  9    XL:     3   Next: 21%
Magic:  0/4        EV: 11    Int: 14    God:
Gold:   66         SH:  0    Dex: 15    Spells: 2/4 levels left

rFire   . . .        a - +0 dagger
rCold   . . .        (no shield)
rNeg    . . .        e - +0 robe
rPois   .            (no helmet)
rElec   .            (no cloak)
rCorr   .            (no gloves)
SInv    .            h - +0 pair of boots
Will    .....        (no amulet)
Stlth   ++           (no ring)
HPRegen 0.24/turn    (no ring)
MPRegen 0.09/turn

%: no passive effects
@: very slightly contaminated
A: weakness stinger 1
a: no special abilities


You were on level 2 of the Dungeon.
You visited 1 branch of the dungeon, and saw 2 of its levels.

You collected 66 gold pieces.

Inventory:

Hand Weapons
 a - a +0 dagger (weapon)
Missiles
 b - 12 boomerangs (quivered)
 f - 5 poisoned darts
 g - 3 curare-tipped darts
Armour
 e - a +0 robe (worn)
 h - a +0 pair of boots (worn)
Scrolls
 i - a scroll of teleportation {unknown}
Miscellaneous
 c - a lightning rod (4/4)


   Skills:
 + Level 1.4 Fighting
 + Level 0.7 Short Blades
 + Level 1.1 Throwing
 + Level 1.0 Armour
 + Level 0.1 Dodging
 + Level 1.2 Stealth
 + Level 1.0 Spellcasting
 + Level 0.2 Conjurations
 + Level 1.0 Ice Magic
 + Level 4.6 Evocations


You had 2 spell levels left.
You knew the following spells:

 Your Spells              Type           Power      Damage    Failure   Level
a - Freeze                Ice            12%        1d3       17%         1
b - Sting                 Conj/Alch      4%         1d3       26%         1

Your spell library contained the following spells:

 Spells                   Type           Power      Damage    Failure   Level
 Mercury Vapours          Alch/Air       0%         N/A       36%         2
 Frozen Ramparts          Ice            6%         1d1       45%         3
 Olgreb's Toxic Radiance  Alch           0%         N/A       95%         4


Dungeon Overview and Level Annotations

Branches:
Dungeon (2/15)

Altars:


Innate Abilities, Weirdness & Mutations

You have a small tail.


Message History

The ribbon worm is heavily wounded.
You barely miss the ribbon worm.
The ribbon worm is heavily wounded.
The ribbon worm completely misses you.
You hit the ribbon worm.
The ribbon worm is heavily wounded.
The ribbon worm looks more healthy.
The ribbon worm bites you but does no damage.
You barely miss the ribbon worm.
The ribbon worm is heavily wounded.
The ribbon worm bites you.
* * * LOW HITPOINT WARNING * * *
You hit the ribbon worm.
The ribbon worm is heavily wounded.
Casting: Sting (safe; 26% risk of failure)
Confirm with . or Enter, or press ? or * to list all spells.
Aiming: Sting (safe; 26% risk of failure)
Press: ? - help, Shift-Dir - straight line, f - ribbon worm
Aim: a ribbon worm (heavily wounded, 88% to hit)
You miscast Sting.
Nothing appears to happen.
The ribbon worm bites you but does no damage.
Unknown command.
You hit the ribbon worm.
The ribbon worm is severely wounded.
The ribbon worm expels a string of sticky webbing.
The stream of webbing hits you but does no damage.
You are caught in a web!
You struggle to detach yourself from the web.
The ribbon worm bites you.
* * * LOW HITPOINT WARNING * * *
You struggle to detach yourself from the web.
The ribbon worm expels a string of sticky webbing.
The stream of webbing hits you but does no damage.
You are even more entangled.
You struggle to detach yourself from the web.
You struggle to detach yourself from the web.
The ribbon worm bites you.
* * * LOW HITPOINT WARNING * * *
The web tears apart.
The ribbon worm bites you.
You die...

..........
##........##
#..........#
#..........#
#..........#
#..........#
#.....†w...#
#.....@..#
##......##
#..##.## #..
#.# #. #†#
.. #.# # #.#
#.# ##.#


You could see a ribbon worm.

Vanquished Creatures
  An adder (D:2)
  3 ball pythons (D:1)
  3 endoplasms
  A giant cockroach (D:1)
  3 goblins
  3 hobgoblins
  3 kobolds (D:1)
  2 quokkas
  A frilled lizard (D:1)
  3 rats
23 creatures vanquished.

Notes
Turn   | Place    | Note
-------+----------+-------------------------------------------
     0 | D:1      | CaptainMV the Demonspawn Wanderer began the quest for the
                  | Orb.
     0 | D:1      | CaptainMV set off with the following items: a +0 dagger, 8
                  | boomerangs, a lightning rod (4/4), a potion of heal wounds,
                  | a +0 robe; and the following spell memorised: Freeze; and
                  | the following spells available to memorise: Frozen
                  | Ramparts.
     0 | D:1      | Reached XP level 1. HP: 15/15 MP: 2/2
   138 | D:1      | Learned a level 1 spell: Sting
   186 | D:1      | Gained mutation: You have a small tail. [demonic ancestry]
   186 | D:1      | Reached XP level 2. HP: 21/21 MP: 3/3
   504 | D:2      | Reached XP level 3. HP: 18/26 MP: 0/4
   586 | D:2      | Slain by a ribbon worm

Illustrated notes

Levels and vault maps discovered:
D:1:      reono_arrival_mine, layout_loops_cross, minmay_pentomino_z2
D:2:      layout_rooms, serial_forest, infiniplex_forest_corner_1,
          infiniplex_forest_lined_2, infiniplex_forest_clump_medium,
          infiniplex_forest_lined_room_, infiniplex_forest_straight_1,
          infiniplex_forest_split

Action                     || total
---------------------------++-------
  Melee: Dagger            ||   114
         Tailslap          ||    15
  Throw: Boomerang         ||     6
   Cast: Sting             ||     6
         Freeze            ||     2
    Use: Potion            ||     1
   Stab: Sleeping          ||     4
 Armour: Robe              ||    50
  Dodge: Dodged            ||    44
